Match 27161214
Unlisted
Match 27161214
End
Selects Italian Combined Arms Battlegroup
Selects Bersaglieri Squad
Bersaglieri Squad
Kradschützen Motorcycle Team
Bersaglieri Squad
Construct Light Support Kompanie
Selects Bersaglieri Bolster
Bersaglieri Squad
2.5-tonne Medical Truck
Fire Support Elements
le.IG 18 Mechanized Group
Pak 38 Anti-tank Gun Team
Selects Breda Model 30 Light Machine Guns
Construct Panzerarmee Kommand
Panzer III L Medium Tank
Panzerpioneer Squad
Selects Semovente da 75/18 Assault Gun
Selects Strafing Run
Bersaglieri Squad
Selects Pact of Steel
Pak 38 Anti-tank Gun Team
Pak 38 Anti-tank Gun Team
Panzer III L Medium Tank
Pak 38 Anti-tank Gun Team
Kradschützen Motorcycle Team
Pak 38 Anti-tank Gun Team
Hevsik
mcq_knight
Hunter GLA
Trollak
Mr.Larry.Mx
walnuts aren't treenuts
.Mercury-uK
LW | MUERTE
0
0
Comments sign in to comment!
No comments posted yet!